 Dungeon Crawl Stone Soup version 0.31-a0-1267-gfedaa18580 (webtiles) character file.

Game seed: 17264880649436777991

173 Fodor the Trooper (level 5, -4/47 HPs)
             Began as a Minotaur Fighter on Dec 17, 2023.
             Killed from afar by Ijyb (14 damage)
             ... with a bolt of dispelling energy
             ... on level 3 of the Dungeon.
             The game lasted 00:09:44 (1966 turns).

Fodor the Trooper (Minotaur Fighter)                Turns: 1966, Time: 00:09:44

Health: -4/47      AC:  9    Str: 22    XL:     5   Next: 28%
Magic:  4/4        EV:  8    Int:  5    God:
Gold:   72         SH:  4    Dex: 10    Spells: 4/4 levels left

rFire   . . .        a - +0 war axe
rCold   . . .        c - +0 buckler
rNeg    . . .        b - +0 chain mail
rPois   .            (helmet currently unavailable)
rElec   .            (cloak currently unavailable)
rCorr   .            (gloves currently unavailable)
SInv    .            (boots currently unavailable)
Will    .....        (no amulet) Stlth
                     (no ring)
HPRegen 0.27/turn    (no ring)
MPRegen 0.09/turn

%: no passive effects
@: beast-form
A: beast (slay +0), horns 2, retaliatory headbutt
a: Begin Untransformation


You were on level 3 of the Dungeon.
You were a hulking beast.
You visited 1 branch of the dungeon, and saw 3 of its levels.

You collected 72 gold pieces.

Inventory:

Hand Weapons
 a - a +0 war axe (weapon)
 g - a +0 club
Armour
 b - a +0 chain mail (worn)
 c - a +0 buckler (worn)
Talismans
 f - a beast talisman (active)
Scrolls
 e - a scroll of poison {unknown}
 i - 3 scrolls of identify {unknown}
Potions
 d - a potion of might
 h - 2 potions of haste {unknown}
 j - a potion of enlightenment {unknown}
 k - 2 potions of brilliance {unknown}


   Skills:
 + Level 4.9 Fighting
 + Level 4.1 Axes
 + Level 4.7 Armour
 + Level 0.3 Dodging
 + Level 4.1 Shields
 + Level 0.4 Shapeshifting


You had 4 spell levels left.
You didn't know any spells.
Your spell library contained the following spells:

 Spells                   Type           Power      Damage    Failure   Level
 Ozocubu's Armour         Ice            0%         N/A       100%        3
 Metabolic Englaciation   Hex/Ice        0%         N/A       100%        5
 Simulacrum               Ice/Necr       0%         N/A       100%        6


Dungeon Overview and Level Annotations

Branches:
Dungeon (3/15)

Altars:

Annotations:
D:3 Ijyb


Innate Abilities, Weirdness & Mutations

You are a hulking beast.
Your limbs bulge with bestial killing power. (Slay +0)
You have a pair of horns on your head.
You reflexively headbutt those who attack you in melee.


Message History

The hobgoblin hits you but does no damage.
The hobgoblin barely misses you. You furiously retaliate!
You headbutt the hobgoblin.
Found a war axe.
You block the hobgoblin's attack. The hobgoblin hits you.
The hobgoblin hits you but does no damage.
You hit the hobgoblin.
You kill the hobgoblin!
You see here a hobgoblin corpse.
You completely miss the plant.
You see here a hobgoblin corpse.
Ijyb the Twisted Goblin comes into view.
She is wielding a +0 club and carrying a wand of quicksilver.
Ijyb shouts!
Ijyb zaps a wand.
The bolt of dispelling energy hits you!!
Ijyb zaps a wand.
The bolt of dispelling energy misses you.
Ijyb hits you but does no damage.
You closely miss Ijyb. Your headbutt misses Ijyb.
Ijyb hits you but does no damage.
You hit Ijyb but do no damage.
Ijyb zaps a wand.
The bolt of dispelling energy hits you!
Ijyb screams, "Level is mine!
All mine!"
Ijyb zaps a wand.
The bolt of dispelling energy hits you!
* * * LOW HITPOINT WARNING * * *
You barely miss Ijyb. You headbutt Ijyb!
Ijyb is moderately wounded.
Ijyb hits you but does no damage.
You closely miss Ijyb.
Ijyb is moderately wounded.
Ijyb hits you but does no damage.
You closely miss Ijyb. Your headbutt misses Ijyb.
Ijyb is moderately wounded.
Ijyb hits you but does no damage. Ijyb hits you with a +0 club.
* * * LOW HITPOINT WARNING * * *
You barely miss Ijyb.
Ijyb is moderately wounded.
Ijyb screams, "It's all mine!"
Ijyb zaps a wand.
The bolt of dispelling energy hits you!
You die...

......###..#...........###.##.#.#
#'#.....#..###...#####.# #.##....
#.#.....#..# #...#####.# #.####.#
#.#.....#..# #.........# #....#.#
#.#.....#..# ###.##....# ####.#.#
#.#.....#..#####.#.....# #.#.#
#.#...^.#........#.....# #.#.#
#.#.....#.########.....# #.#.#
#.......'.#....gh......# #.#.#
##.....)###.#######....# #.#.#
.#.......# #...## #.#.#
.........##########.### #....
#......♣♣♣#........†### #.#..
#.....~♣♣~P...........# ###..
#...♣♣♣~~~♣...........# ...
#..♣♣~~P~~P~~............. ...
~~~~~~~~~♣######....... #...


You could see Ijyb.

Vanquished Creatures
  Natasha (thrice) (D:2)
  Robin (D:2)
  2 adders
  A dart slug (D:1)
  An orc (D:3)
  5 ball pythons
  3 endoplasms
  2 giant cockroaches
  14 goblins
  9 hobgoblins
  2 jackals (D:1)
  4 kobolds
  4 quokkas
  6 bats
  A frilled lizard (D:2)
  A rat (D:1)
59 creatures vanquished.

Notes
Turn   | Place    | Note
-------+----------+-------------------------------------------
     0 | D:1      | Fodor the Minotaur Fighter began the quest for the Orb.
     0 | D:1      | Reached XP level 1. HP: 19/19 MP: 0/0
   174 | D:1      | Reached XP level 2. HP: 22/27 MP: 1/1
   704 | D:1      | Reached XP level 3. HP: 33/33 MP: 2/2
   921 | D:2      | Found a faded altar of an unknown god.
  1157 | D:2      | Noticed Natasha
  1168 | D:2      | Killed Natasha
  1169 | D:2      | Reached XP level 4. HP: 32/41 MP: 3/3
  1267 | D:2      | Noticed Robin
  1288 | D:2      | Killed Robin
  1477 | D:2      | Noticed Natasha
  1485 | D:2      | Killed Natasha
  1519 | D:2      | Noticed Natasha
  1530 | D:2      | Killed Natasha
  1531 | D:2      | Reached XP level 5. HP: 43/47 MP: 4/4
  1955 | D:3      | Noticed Ijyb
  1966 | D:3      | Killed from afar by Ijyb

Illustrated notes

Levels and vault maps discovered:
D:1:      saegor_arrival_simple_c, layout_basic, minmay_stone_trees_large
D:2:      layout_rooms, shapermc_ecumenical_altar_starsandcircs,
          minmay_tromino_i4, uniq_robin, uniq_natasha
D:3:      layout_basic, serial_bayou_lake_a, uniq_ijyb

Skill      XL: |  1  2  3  4 |
---------------+-------------+-----
Shields        | 4 |  4.1
Armour         | 4 |  4.7
Axes           | 3 4 |  4.1
Fighting       | 4 |  4.9
Dodging        | |  0.3
Shapeshifting  | |  0.4

Action                     |  1- 3 |  4- 6 || total
---------------------------+-------+-------++-------
  Melee: War axe           |    64 |    53 ||   117
         Headbutt          |     5 |     7 ||    12
 Armour: Scale mail        |    45 |       ||    45
         Chain mail        |     9 |    70 ||    79
  Dodge: Dodged            |    30 |    22 ||    52
  Block: Buckler           |    18 |     9 ||    27
   Form: Beast             |     1 |       ||     1

Table legend: (Time is in decaauts)
 A = Elapsed time spent in this place.
 B = Non-inter-level travel time spent in this place.
 C = Inter-level travel time spent in this place.
 D = Time resting spent in this place.
 E = Time spent auto-exploring this place.
 F = Levels seen in this place.
 G = Mean time per level.
                   A        B        C        D        E       F      G
               +--------+--------+--------+--------+--------+-----+--------+
         Total |   2008 |   1823 |    185 |     95 |      0 |   3 |  669.3 |
       Dungeon |   2008 |   1823 |    185 |     95 |      0 |   3 |  669.3 |
               +--------+--------+--------+--------+--------+-----+--------+

Top non-repeatable levels by time:
     D:1: 901 daAuts
     D:2: 695 daAuts
     D:3: 411 daAuts
